 Dungeon Crawl Stone Soup version 0.20.1-1-g8b1a95d (webtiles) character file.

51 Irenicus the Insei (level 3, 0/26 HPs)
             Began as an Octopode Chaos Knight on Oct 17, 2017.
             Slain by a kobold
             ... wielding a +0 short sword
              (5 damage)
             ... on level 2 of the Dungeon.
             The game lasted 00:01:46 (1355 turns).

Irenicus the Insei (Octopode Chaos Knight)          Turns: 1355, Time: 00:01:47

Health: 0/26       AC:  1    Str: 11    XL:     3   Next: 83%
Magic:  3/3        EV: 14    Int: 14    God:    Xom [..*...]
Gold:   82         SH:  0    Dex: 12    Spells: 2/2 levels left

rFire    . . .     SeeInvis .     - Unarmed
rCold    . . .     Gourm    .   (no shield)
rNeg     . . .     Faith    .   (helmet restricted)
rPois    .         Spirit   .   (no amulet)
rElec    .         Reflect  .   (no ring)
rCorr    .         Harm     .   (no ring)
MR       .....                  (no ring)
Stlth    +++.......             (no ring)
Regen    0.1/turn               (no ring)
MPRegen  0.1/turn               (no ring)
                                (no ring)
                                (no ring)

@: no status effects
A: almost no armour, stealthy swim, amphibious, 8 rings, constrict 8, camouflage
1, gelatinous body 1
a: Renounce Religion


You were on level 2 of the Dungeon.
You worshipped Xom.
You were a toy of Xom.
You were not hungry.

You visited 1 branch of the dungeon, and saw 2 of its levels.

You collected 82 gold pieces.

Inventory:

Scrolls
 c - 2 scrolls of identify {unknown}
 g - a scroll of teleportation {unknown}
 i - a scroll of magic mapping {unknown}
 j - 4 scrolls of remove curse {unknown}
 k - a scroll of blinking {unknown}
 m - a scroll of enchant weapon {unknown}
 n - a scroll of enchant armour {unknown}
Potions
 b - a potion of haste {unknown}
 d - a potion of curing {unknown}
 e - a potion of resistance {unknown}
 h - a potion of lignification {unknown}
 l - a potion of flight {unknown}
Comestibles
 a - a bread ration
 f - 3 fruits
 o - a chunk of flesh


   Skills:
 + Level 3.6 Fighting
 + Level 2.6 Dodging
 + Level 1.7 Stealth
 + Level 3.7 Unarmed Combat


You had 2 spell levels left.
You didn't know any spells.

Dungeon Overview and Level Annotations

Branches:
Dungeon (2/15)

Altars:
Ru


Innate Abilities, Weirdness & Mutations

You cannot wear most types of armour.
You are very stealthy in the water. (Stealth+)
You are amphibious.
You can wear up to eight rings at the same time.
You can use your tentacles to constrict eight enemies at once.
Your skin changes colour to match your surroundings (Stealth+).
Your rubbery body absorbs attacks. (AC +1, EV +1)


Message History

The kobold shouts!
The worm bites you!
* * * LOW HITPOINT WARNING * * *
A shower of butterflies erupts from you!
You release your grip on the worm.
The rat bites you.
* * * LOW HITPOINT WARNING * * *
The kobold completely misses your butterfly.
The rat closely misses your butterfly.
The kobold completely misses your butterfly.
The rat misses your butterfly. Something bites your butterfly.
Your butterfly dies!
You miss the kobold. Your grab misses the kobold. You squeeze the kobold.
The kobold is moderately wounded.
The kobold hits you but does no damage.
You tentacle-slap the kobold. Your grab misses the kobold.
The kobold is heavily wounded.
The kobold hits you with a short sword.
You die...
Xom yawns loudly!

##.#.###.#
###.........
##...########
##########..###
........#..##
#.....#.##
#...b...#
#......##
#..@...#
##K###.# #r# #.#
# #w###.#
###.####.....#
#...wK.......#
.$...b.>.......#
.##...#b######.#
#####.. .#


You could see a worm, a kobold and a rat.

Vanquished Creatures
  An orc wizard (D:2)
  A worm (D:2)
  2 bats
  A giant cockroach (D:2)
  2 goblins
  2 hobgoblins
  4 jackals
  A quokka (D:2)
  2 frilled lizards (D:1)
  2 kobolds (D:2)
  2 rats
20 creatures vanquished.

Notes
Turn   | Place    | Note
-------+----------+-------------------------------------------
     0 | D:1      | Irenicus the Octopode Chaos Knight began the quest for the Orb.
     0 | D:1      | Reached XP level 1. HP: 16/16 MP: 1/1
    64 | D:1      | XOM: divination: detect creatures
   291 | D:1      | Reached skill level 1 in Stealth
   649 | D:1      | XOM: smoke on damage
   650 | D:1      | Reached XP level 2. HP: 8/21 MP: 2/2
   845 | D:2      | XOM: divination: detect creatures
  1156 | D:2      | Found a sacrificial altar of Ru.
  1165 | D:2      | Reached XP level 3. HP: 11/26 MP: 3/3
  1344 | D:2      | XOM: butterfly on damage
  1355 | D:2      | Slain by a kobold

Skill      XL: |  1 |
---------------+----+-----
Stealth        | 1 |  1.7
Fighting       | |  3.6
Dodging        | |  2.6
Unarmed Combat | |  3.7

Action                   || total
-------------------------++-------
Melee: Unarmed           ||    53
       Constrict         ||    18
       Tentacles         ||    11
       Punch             ||     1
 Stab: Sleeping          ||     5
  Eat: Chunk             ||     1
Armor: Skin              ||     7
Dodge: Dodged            ||    29
